 Dungeon Crawl Stone Soup version 0.26-a0-53-g45f243fec8 (webtiles) character file.

Game seed: 1362989821814673450

89177 ICC the Carver (level 15, -6/78 HPs)
             Began as a Vine Stalker Fighter on June 7, 2020.
             Was an Elder of Wu Jian.
             Killed from afar by a wretched star (12 damage)
             ... with a lance of force
             ... on level 2 of the Abyss.
             The game lasted 02:16:47 (17255 turns).

ICC the Carver (Vine Stalker Fighter)              Turns: 17255, Time: 02:16:47

Health: -6/78      AC: 17    Str: 23    XL:     15   Next: 96%
Magic:  0/41       EV: 16    Int: 15    God:    Wu Jian [****..]
Gold:   184        SH:  0    Dex: 13    Spells: 37/39 levels left

rFire    . . .     SeeInvis .   w - +4 long sword (elec)
rCold    . . .     Gourm    .   (no shield)
rNeg     . . .     Faith    +   K - +3 chain mail {MR+}
rPois    +         Spirit   +   (no helmet)
rElec    .         Reflect  .   (no cloak)
rCorr    .         Harm     .   (no gloves)
MR       ++...                  (no boots)
Stlth    ..........             R - amulet "Ocwoxae" {Faith rPois Int+4}
HPRegen  1.03/turn              J - +4 ring of evasion
MPRegen  0.27/turn              b - ring of magical power

@: no status effects
A: fangs 3, molten scales 1, mutation resistance 1, regeneration 2, magic
shield, antimagic bite, no potion heal 3, rot immunity
a: Wall Jump, Serpent's Lash, Renounce Religion


You were on level 2 of the Abyss.
You worshipped Wu Jian.
Wu Jian was greatly pleased with you.
You were not hungry.

You visited 5 branches of the dungeon, and saw 18 of its levels.
You visited the Abyss 1 time.
You also visited: Sewer, Bailey and Ice Cave.

You collected 2405 gold pieces.
You spent 2221 gold pieces at shops.

Inventory:

Hand Weapons
 q - a +3 scimitar of flaming
 s - a +2 dagger of speed
 w - a +4 long sword of electrocution (weapon)
Missiles
 B - 3 curare-tipped darts
 C - 9 javelins
 H - 3 throwing nets
 N - 4 silver javelins (quivered)
Armour
 k - a +3 chain mail of fire resistance
 l - quicksilver dragon scales
 K - a +3 chain mail of magic resistance (worn)
 M - the +1 kite shield "Laseytia" {*Corrode rC++}
   (You took it off a gnoll sergeant on level 8 of the Dungeon)

   It greatly protects you from cold.
   It may corrode you when you take damage.
Jewellery
 b - a ring of magical power (right hand)
 o - an uncursed ring of poison resistance
 I - the ring "Nedaga" {rElec rPois Dex+2}
   (You found it on level 1 of the Elven Halls)

   [ring of poison resistance]

   It affects your dexterity (+2).
   It insulates you from electricity.
   It protects you from poison.
 J - a +4 ring of evasion (left hand)
 R - the amulet "Ocwoxae" (around neck) {Faith rPois Int+4}
   (You found it on level 8 of the Dungeon)

   [amulet of faith]

   It allows you to gain divine favour quickly.
   It affects your intelligence (+4).
   It protects you from poison.
 W - an uncursed ring of protection from cold
Wands
 x - a wand of digging (2)
 z - a wand of iceblast (5)
 L - a wand of flame (59)
 S - a wand of clouds (9)
Scrolls
 c - 4 scrolls of fog
 e - 4 scrolls of teleportation
 j - a scroll of fear
 n - 9 scrolls of enchant armour
 r - 11 scrolls of remove curse
 t - a scroll of brand weapon
 u - 7 scrolls of enchant weapon
 y - 3 scrolls of magic mapping
 F - 8 scrolls of blinking
 O - a scroll of immolation
 P - a scroll of summoning
Potions
 d - 3 potions of might
 g - 2 potions of stabbing
 h - 3 potions of haste
 i - 7 potions of curing
 m - a potion of mutation
 p - a potion of ambrosia
 A - a potion of resistance
 E - 6 potions of brilliance
 T - a potion of berserk rage
 V - a potion of magic
Miscellaneous
 Q - a phial of floods
Comestibles
 a - a chunk of flesh
 f - 40 rations


   Skills:
 + Level 8.8 Fighting
 - Level 3.5(10.0) Short Blades
 - Level 14.0(14.1) Long Blades
 * Level 11.1 Armour
 + Level 7.6 Dodging
 - Level 2.0 Stealth
 - Level 5.5 Shields
 * Level 12.5 Spellcasting
 - Level 3.0 Summonings
 - Level 3.0 Translocations


You had 37 spell levels left.
You knew the following spells:

 Your Spells              Type           Power        Failure   Level  Hunger
b - Summon Butterflies    Summ           ###.....     12%         1    None
z - Apportation           Tloc           ###...       12%         1    None

Your spell library contained the following spells:

 Spells                   Type           Power        Failure   Level  Hunger
 Lesser Beckoning         Tloc           ###.......   34%         3    None
 Beastly Appendage        Tmut           #.....       38%         1    None
 Corpse Rot               Necr/Air       N/A          52%         2    None
 Sticks to Snakes         Tmut           #.......     52%         2    None
 Sublimation of Blood     Necr           #.........   52%         2    None
 Spider Form              Tmut/Pois      #.........   77%         3    None
 Tukima's Dance           Hex            #.......     77%         3    None
 Dispel Undead            Necr           #.......     99%         4    ###....
 Ice Form                 Ice/Tmut       #.......     99%         4    ###....
 Agony                    Necr           #.......     100%        5    #####..
 Alistair's Intoxication  Tmut/Pois      #.......     100%        5    #####..
 Blade Hands              Tmut           #.........   100%        5    #####..
 Excruciating Wounds      Chrm/Necr      #.........   100%        5    #####..
 Irradiate                Conj/Tmut      #.........   100%        5    #####..
 Hydra Form               Tmut           #.........   100%        6    ######.
 Invisibility             Hex            #.......     100%        6    ######.
 Statue Form              Tmut/Erth      #........    100%        6    ######.
 Dragon Form              Tmut           #.........   100%        7    #######


Dungeon Overview and Level Annotations

Branches:
Dungeon (12/15)            Temple (1/1) D:6            Lair (2/6) D:10
  Snake (0/4) Lair:2          Orc (2/2) D:12            Elf (1/3) Orc:2
  Sewer (visited)          Bailey (visited)           IceCv (visited)
  Swamp: Lair:2-4    Shoals: Lair:2-4

Altars:
Ashenzari
Cheibriados
Kikubaaqudgha
Makhleb
Nemelex Xobeh
Okawaru
Uskayaw
Vehumet
Wu Jian
Xom
Yredelemnul
Zin
Beogh

Shops:
D:6 ?=   D:8 =   D:9 :   D:10 *   Orc:2 (*:[


Innate Abilities, Weirdness & Mutations

You have razor-sharp teeth.
You heal very quickly.
When hurt, damage is shared between your health and your magic reserves.
Your bite disrupts and absorbs the magic of your enemies.
Potions cannot restore your health.
You are immune to rotting.
You are partially covered in molten scales. (AC +2)
You are somewhat resistant to further mutation.


Message History

The lance of force hits you!
* * * LOW HITPOINT WARNING * * *
You are knocked back by the lance of force.
You slam into the rock wall!
* * * LOW HITPOINT WARNING * * *
You lunge at the wretched star.
You hit the wretched star.
You bite the wretched star, but do no damage.
The wretched star is severely damaged.
You feel less exhausted.
Press: ? - help, v - describe, . - travel
Here: a tormentor The floor.
You spin and attack the wretched star.
You hit the wretched star. You bite the wretched star.
The wretched star's magic leaks into the air.
You drain its magic.
You feel invigorated.
The wretched star is severely damaged.
The wretched star glows turbulently.
The lance of force hits you!!
You die...

....## . . . . .
#......## ##....#.##
.#..#...## # # # #
#...#### .#.# .
...##.#..#.##... #
...#........*#..#....
# ...#.§.##2@......#
### #....#.......
#....#.#.#..#..#
..#.##. #...# . #.
.## .##.# ...# # §.§
..# ##. #. .


You could see a wretched star and a tormentor.

Vanquished Creatures
  A quicksilver dragon (Abyss:2)
  Frances (D:12)
  Kirke (D:12)
  2 deep elf sorcerers (Elf:1)
  2 orc warlords (Orc:2)
  A balrug (Abyss:2)
  A stone giant (Orc:2)
  Azrael (D:12)
  Harold (D:7)
  A hydra (Lair:2)
  An ogre mage (Orc:1)
  3 dancing weapons (Elf:1)
  Erica (D:9)
  9 two-headed ogres
  Urug (D:12)
  The ghost of drwowa the Ruffian, a novice TrFi of Wu Jian (D:8)
  An orc high priest (Orc:2)
  5 deep elf knights (Elf:1)
  2 wretched stars (Abyss:2)
  2 unseen horrors
  A wizard (Elf:1)
  Pikel (D:9)
  8 deep elf archers (Elf:1)
  A necromancer (IceCv)
  6 orc knights
  32 deep elf magi
  2 ugly things (D:12)
  3 orc sorcerers (Orc:2)
  5 cyclopes
  2 ice statues (IceCv)
  Joseph (D:9)
  3 black mambas (Lair:2)
  A kobold demonologist (D:10)
  The ghost of Phong the Poker, a novice HuMo of Kikubaaqudgha (D:5)
  3 spiny frogs
  A rime drake (Lair:2)
  2 komodo dragons
  7 ice devils (IceCv)
  7 trolls
  5 hippogriffs
  A hornet (D:12)
  3 small abominations (Abyss:2)
  A shadow (Abyss:2)
  11 yaks (Lair:1)
  3 water elementals (Elf:1)
  A fire elemental (D:12)
  10 hogs
  A human (D:7)
  2 steam dragons
  Grum (D:8)
  3 wyverns
  A neqoxec (Abyss:2)
  A two-headed ogre zombie (D:12)
  Edmund (D:5)
  2 wargs (Orc:2)
  4 hell hounds (D:12)
  2 porcupines (Lair:2)
  41 orc warriors
  2 black bears
  5 water moccasins (Lair:2)
  A large abomination (Abyss:2)
  2 phantoms (D:12)
  2 ice beasts
  2 slaves (D:9)
  3 boggarts
  2 sky beasts
  7 wolves
  10 ogres
  7 centaurs
  2 crocodiles
  3 big kobolds
  Blork the orc (D:6)
  12 bullfrogs
  3 gnoll sergeants (D:8)
  An earth elemental (Elf:1)
  A wyvern zombie (D:9)
  2 troll zombies (D:12)
  6 scorpions
  3 howler monkeys
  4 wights (D:11)
  3 electric eels
  2 draconian simulacra (IceCv)
  A crimson imp (D:6)
  A bullfrog zombie (D:8)
  A quasit (D:12)
  2 centaur skeletons
  6 hounds
  A gnoll shaman (D:8)
  3 jellies
  26 orc priests
  21 orc wizards
  2 bullfrog skeletons
  5 iguanas
  4 troll simulacra (IceCv)
  7 worker ants
  5 ogre zombies (D:12)
  7 gnolls (D:8)
  31 adders
  2 naga simulacra (IceCv)
  2 ogre simulacra (IceCv)
  A shadow imp (D:12)
  2 oozes
  An adder zombie (D:6)
  5 worms
  A dart slug (D:1)
  7 leopard geckos
  86 orcs
  7 ball pythons
  6 bats
  6 giant cockroaches
  12 goblins
  10 hobgoblins
  23 jackals
  2 quokkas
  10 frilled lizards
  3 goblin skeletons (D:12)
  4 goblin zombies (D:12)
  4 hobgoblin zombies (D:12)
  A jackal zombie (D:8)
  24 kobolds
  A leopard gecko skeleton (D:4)
  3 leopard gecko zombies
  3 orc skeletons (D:12)
  11 orc zombies (D:12)
  6 rats
671 creatures vanquished.

Vanquished Creatures (others)
  A rakshasa (Abyss:2)
  A deep elf mage (Elf:1)
  A centaur (D:9)
  2 plants (Lair:2)
5 creatures vanquished.

Grand Total: 676 creatures vanquished

Notes
Turn   | Place    | Note
-------+----------+-------------------------------------------
     0 | D:1      | ICC the Vine Stalker Fighter began the quest for the Orb.
     0 | D:1      | Reached XP level 1. HP: 11/11 MP: 2/2
    65 | D:1      | Reached XP level 2. HP: 14/16 MP: 3/3
    89 | D:1      | Reached skill level 2 in Long Blades
   157 | D:1      | Reached skill level 1 in Spellcasting
   313 | D:1      | Reached XP level 3. HP: 16/19 MP: 5/5
   821 | D:2      | Gained mutation: Your natural rate of healing is unusually
                  | fast. [Vine Stalker growth]
   821 | D:2      | Reached XP level 4. HP: 24/24 MP: 7/7
  1253 | D:3      | Reached XP level 5. HP: 20/28 MP: 7/9
  1286 | D:3      | Reached skill level 1 in Dodging
  1781 | D:3      | Reached skill level 3 in Long Blades
  2129 | D:3      | Reached XP level 6. HP: 30/32 MP: 9/11
  2490 | D:4      | Reached XP level 7. HP: 31/36 MP: 12/12
  2594 | D:4      | Found a hide-covered altar of Uskayaw.
  2971 | D:5      | Entered Level 5 of the Dungeon
  3026 | D:5      | Found a sparkling altar of Nemelex Xobeh.
  3106 | D:5      | Found a glowing drain.
  3119 | Sewer    | Entered a sewer
  3773 | D:5      | Found a runed translucent door.
  3773 | D:5      | Noticed Phong's ghost (novice HuMo)
  3776 | D:5      | Found a basalt altar of Yredelemnul.
  3838 | D:5      | Noticed Edmund
  3858 | D:5      | Killed Edmund
  3858 | D:5      | Reached skill level 4 in Long Blades
  3918 | D:5      | Reached skill level 5 in Long Blades
  4033 | D:5      | Gained mutation: You have razor-sharp teeth. [Vine Stalker
                  | growth]
  4033 | D:5      | Reached XP level 8. HP: 40/41 MP: 14/14
  4322 | D:5      | Reached skill level 6 in Long Blades
  4425 | D:5      | Killed Phong's ghost
  4425 | D:5      | Reached skill level 7 in Long Blades
  4568 | D:6      | Found Bosmoi's Magic Scroll Emporium.
  4629 | D:6      | Found Sumewkom's Jewellery Emporium.
  4681 | D:6      | Found a basalt altar of Yredelemnul.
  4681 | D:6      | Noticed Blork the orc
  4690 | D:6      | Killed Blork the orc
  4781 | D:6      | Found a staircase to the Ecumenical Temple.
  4790 | Temple   | Entered the Ecumenical Temple
  4813 | Temple   | Became a worshipper of the Wu Jian Council
  4853 | D:6      | Reached skill level 8 in Long Blades
  4875 | D:6      | Found a shattered altar of Ashenzari.
  4967 | D:6      | Reached XP level 9. HP: 33/45 MP: 15/15
  5491 | D:7      | Reached * piety under Wu Jian
  5577 | D:7      | Found a burning altar of Makhleb.
  5733 | D:7      | Reached skill level 5 in Spellcasting
  5761 | D:7      | Noticed Harold
  5780 | D:7      | Killed Harold
  5780 | D:7      | Reached skill level 9 in Long Blades
  5780 | D:7      | Reached skill level 5 in Armour
  5780 | D:7      | Reached XP level 10. HP: 31/51 MP: 14/19
  6004 | D:7      | Found a shimmering altar of Xom.
  6312 | D:8      | Found a transporter.
  6337 | D:8      | Noticed Grum
  6338 | D:8      | Identified the +1 kite shield "Laseytia" {*Corrode rC++}
  6342 | D:8      | Killed Grum
  6349 | D:8      | Found a transporter.
  6405 | D:8      | Noticed drwowa's ghost (novice TrFi)
  6425 | D:8      | Killed drwowa's ghost
  6449 | D:8      | Got a heavily runed ruby amulet
  6451 | D:8      | Identified the amulet "Ocwoxae" {Faith rPois Int+4} (You
                  | found it on level 8 of the Dungeon)
  6618 | D:8      | Reached skill level 1 in Stealth
  6623 | D:8      | Reached ** piety under Wu Jian
  6646 | D:8      | Reached skill level 10 in Long Blades
  6684 | D:8      | Found Matzor's Jewellery Shop.
  7117 | D:9      | Noticed Joseph
  7142 | D:9      | Killed Joseph
  7153 | D:9      | Reached skill level 5 in Fighting
  7288 | D:9      | Found Funoptiu's Book Emporium.
  7299 | D:9      | Noticed a two-headed ogre
  7313 | D:9      | Killed a two-headed ogre
  7313 | D:9      | Reached XP level 11. HP: 56/56 MP: 22/22
  7447 | D:9      | Noticed Pikel
  7465 | D:9      | Killed Pikel
  7564 | D:9      | Noticed Erica
  7592 | D:9      | Killed Erica
  7888 | D:9      | Reached *** piety under Wu Jian
  7955 | D:10     | Entered Level 10 of the Dungeon
  7955 | D:10     | Found Enif's Assorted Antiques.
  7979 | D:10     | Bought a fizzy grey potion for 23 gold pieces
  7979 | D:10     | Bought an obsidian-encrusted ring mail for 234 gold pieces
  7979 | D:10     | Bought 2 purple potions for 46 gold pieces
  7979 | D:10     | Bought a red potion for 23 gold pieces
  7979 | D:10     | Bought a grey potion for 23 gold pieces
  7989 | D:10     | Identified the +4 ring mail of Absence {MR- Dex+5} (You
                  | bought it in a shop on level 10 of the Dungeon)
  8039 | D:10     | Reached skill level 12 in Long Blades
  8039 | D:10     | Gained mutation: You heal very quickly. [Vine Stalker
                  | growth]
  8039 | D:10     | Reached XP level 12. HP: 60/60 MP: 24/24
  8052 | D:10     | Reached skill level 13 in Long Blades
  8210 | D:10     | Found a flagged portal.
  8226 | Bailey   | Entered a bailey
  8564 | Bailey   | Got a scorched executioner's axe
  9243 | D:10     | Identified the +2 executioner's axe "Ideub" {flame, Str+5}
                  | (You found it in a bailey)
  9303 | D:10     | Reached **** piety under Wu Jian
  9342 | D:10     | Found a staircase to the Lair.
  9388 | D:10     | Noticed a two-headed ogre
  9400 | D:10     | Killed a two-headed ogre
  9593 | Lair:1   | Entered Level 1 of the Lair of Beasts
  9782 | Lair:1   | Reached skill level 14 in Long Blades
 10705 | D:11     | Reached XP level 13. HP: 65/65 MP: 26/26
 10789 | D:11     | Reached ***** piety under Wu Jian
 10829 | D:11     | Found an iron altar of Okawaru.
 11035 | D:11     | You fall into a shaft and drop 1 floor!
 11043 | D:12     | Found a frozen archway.
 11148 | IceCv    | Entered an ice cave
 11411 | IceCv    | Reached skill level 5 in Shields
 11545 | D:12     | Noticed Urug
 11577 | D:12     | Killed Urug
 11773 | D:12     | Reached skill level 5 in Dodging
 11884 | D:12     | Noticed Frances
 11965 | D:12     | Killed Frances
 12041 | D:12     | Found a staircase to the Orcish Mines.
 12045 | D:12     | Noticed Kirke
 12071 | D:12     | Killed Kirke
 12139 | D:12     | Got an ominously black robe
 12150 | D:12     | Identified the cursed +0 robe of the Zebra {Harm rCorr}
                  | (You found it on level 12 of the Dungeon)
 12196 | D:12     | Noticed Azrael
 12369 | D:12     | Killed Azrael
 12598 | D:12     | Reached XP level 14. HP: 70/70 MP: 28/28
 12649 | D:12     | Reached skill level 10 in Spellcasting
 12930 | Orc:1    | Entered Level 1 of the Orcish Mines
 13338 | Lair:2   | Found a staircase to the Snake Pit.
 14368 | Orc:2    | Entered Level 2 of the Orcish Mines
 14558 | Orc:2    | Reached skill level 1 in Short Blades
 14566 | Orc:2    | Found a roughly hewn altar of Beogh.
 14569 | Orc:2    | Noticed an orc warlord
 14577 | Orc:2    | Killed an orc warlord
 14582 | Orc:2    | Found Tosycsorph's General Store.
 14587 | Orc:2    | Found Oschaiwei's Book Boutique.
 14591 | Orc:2    | Found Qompas's Antique Weapon Boutique.
 14597 | Orc:2    | Noticed an orc warlord
 14603 | Orc:2    | Reached skill level 10 in Armour
 14609 | Orc:2    | Killed an orc warlord
 14617 | Orc:2    | Reached XP level 15. HP: 31/77 MP: 24/31
 14663 | Orc:2    | Found Tehebre's Antique Armour Boutique.
 14730 | Orc:2    | Found a staircase to the Elven Halls.
 14759 | Orc:2    | Bought a potion of degeneration for 15 gold pieces
 15488 | D:6      | Bought a scroll of acquirement for 624 gold pieces
 15490 | D:6      | Bought a scroll of enchant armour for 90 gold pieces
 15490 | D:6      | Bought a scroll of blinking for 90 gold pieces
 15490 | D:6      | Bought a scroll of enchant weapon for 90 gold pieces
 15490 | D:6      | Bought a scroll of blinking for 90 gold pieces
 15490 | D:6      | Bought a scroll of blinking for 90 gold pieces
 15490 | D:6      | Bought a scroll of identify for 24 gold pieces
 15490 | D:6      | Bought a scroll of enchant armour for 90 gold pieces
 15490 | D:6      | Bought a scroll of enchant armour for 90 gold pieces
 15592 | D:10     | Bought a papyrus book for 390 gold pieces
 15594 | D:10     | Learned a level 1 spell: Apportation
 15596 | D:10     | Learned a level 1 spell: Summon Butterflies
 15698 | Orc:2    | Bought an ichor-stained leather armour for 189 gold pieces
 15708 | Orc:2    | Identified the +2 leather armour of the Spheres {Dex+3}
                  | (You bought it in a shop on level 2 of the Orcish Mines)
 15746 | Elf:1    | Entered Level 1 of the Elven Halls
 15800 | Elf:1    | Reached skill level 1 in Summonings
 15800 | Elf:1    | Reached skill level 1 in Translocations
 15819 | Elf:1    | Got a scintillating brass ring
 15821 | Elf:1    | Identified the ring "Nedaga" {rElec rPois Dex+2} (You found
                  | it on level 1 of the Elven Halls)
 16106 | Elf:1    | Noticed a deep elf sorcerer
 16122 | Elf:1    | Killed a deep elf sorcerer
 16600 | Elf:1    | Noticed a deep elf sorcerer
 16607 | Elf:1    | Killed a deep elf sorcerer
 16843 | Elf:1    | Gained mutation: You are partially covered in molten
                  | scales. (AC +2) [potion of mutation]
 16843 | Elf:1    | Gained mutation: You are somewhat resistant to further
                  | mutation. [potion of mutation]
 17069 | Elf:1    | Cast into level 2 of the Abyss (+6 hand axe of distortion)
 17095 | Abyss:2  | Noticed a quicksilver dragon
 17122 | Abyss:2  | Killed a quicksilver dragon
 17227 | Abyss:2  | Noticed a balrug
 17239 | Abyss:2  | Killed a balrug
 17255 | Abyss:2  | Killed from afar by a wretched star

Illustrated notes

Levels and vault maps discovered:
D:1:      dpeg_arrival_tiny_g, layout_basic
D:2:      layout_rooms, due_unseen_surprise
D:3:      layout_basic, minmay_misc_feat_chi, minmay_between
D:4:      layout_gridville, old_standard_altar
D:5:      layout_gridville, nicolae_overflow_crystal_walls, first_ration,
          gup_sewer_entry_pipe, gammafunk_ghost_grave, nrook_uturn,
          yredelemnul_altar_generic, uniq_edmund
D:6:      layout_loops_corners, old_standard_altar,
          nicolae_ashenzari_panopticon, minmay_temple_entry_gardened_gates,
          serial_shops, shop, nicolae_shop_statue_plus, uniq_blork_the_orc
D:7:      layout_cave_pools, tgw_xom, lightli_temple_of_fire, grunt_livestock,
          uniq_harold
D:8:      layout_rooms, gammafunk_ghost_gnarly_gnolls, kennysheep_windowed_goal
D:9:      layout_stronghold, serial_shops, kennysheep_mini_moat, uniq_erica,
          uniq_joseph, uniq_pikel
D:10:     layout_rooms, erik_lair_island, serial_shops, shop_fountains,
          enter_bailey_2, hex_large, minmay_misc_feat_ornament
D:11:     minmay_four_partial_circles, layout_cave_pods, minivault_24,
          david_defended_altar_orc
D:12:     layout_cave_pods, zombieorc2_lemuel, portal_ice_cave_entry_pillars_2,
          elves_outpost_lemuel, uniq_kirke, uniq_azrael, uniq_frances, uniq_urug
Temple:   regret_index_temple_sphere_string
Lair:1:   layout_roguey, grunt_megastairs_5, lemuel_fruit_tree, uniq_grum
Lair:2:   layout_gridlike, minmay_snake_entry_six_corridors, grunt_megastairs_4
Orc:1:    layout_caves
Orc:2:    grunt_orc_cross, layout_caves
Elf:1:    layout_onion_city, hangedman_elf_disciples, evilmike_minifort
Abyss:2:  base: D:1, evilmike_abyss_exit_15, hangedman_abyss_or_decor_passed

Skill      XL: |  1  2  3  4  5  6  7  8  9 10 11 12 13 14 15 |
---------------+----------------------------------------------+-----
Long Blades    | 2 3 5 8 9 10 12 14 | 14.0
Spellcasting   | 1 2 3 5 7 8 9 11 12 | 12.5
Fighting       | 3 4 5 6 7 8 |  8.8
Armour         | 3 4 5 6 7 8 10 11 | 11.1
Dodging        | 1 2 3 4 5 6 7 |  7.6
Stealth        | 2 |  2.0
Shields        | 5 |  5.5
Short Blades   | 3 |  3.5
Summonings     | 3 |  3.0
Translocations | 3 |  3.0

Action                   |  1- 3 |  4- 6 |  7- 9 | 10-12 | 13-15 || total
-------------------------+-------+-------+-------+-------+-------++-------
Melee: Long sword        |    94 |   182 |    69 |       |   202 ||   547
       Bite              |    22 |    59 |   119 |   201 |   458 ||   859
       Dagger            |       |       |   182 |   146 |   337 ||   665
       Scimitar          |       |       |    79 |   386 |   750 ||  1215
       Spear             |       |       |       |    44 |       ||    44
       Trident           |       |       |       |    23 |       ||    23
Throw: Dart              |     8 |    33 |    28 |     3 |     1 ||    73
       Javelin           |       |       |    11 |    14 |    21 ||    46
       Throwing net      |       |       |       |     1 |       ||     1
Invok: Lunge             |       |       |    10 |    54 |   100 ||   164
       Whirlwind         |       |       |       |   107 |   225 ||   332
       Serpent's Lash    |       |       |       |       |    18 ||    18
       Heavenly Storm    |       |       |       |       |     3 ||     3
 Abil: Wall Jump         |       |       |       |     4 |    14 ||    18
Evoke: Wand              |       |       |    24 |    25 |     8 ||    57
       Phial of floods   |       |       |       |       |     1 ||     1
  Use: Scroll            |       |       |     3 |    11 |     6 ||    20
       Potion            |       |       |       |     2 |    13 ||    15
 Stab: Paralysed         |       |       |     8 |     3 |       ||    11
       Confused          |       |       |     2 |       |       ||     2
       Held in net/web   |       |       |       |     1 |       ||     1
       Sleeping          |       |       |       |     1 |     2 ||     3
       Distracted        |       |       |       |       |     3 ||     3
  Eat: Chunk             |       |     6 |    11 |    16 |    24 ||    57
Armor: Scale mail        |    13 |       |       |       |       ||    13
       Chain mail        |    41 |   108 |   130 |       |    74 ||   353
       Plate armour      |       |       |    41 |    42 |    15 ||    98
       Ring mail         |       |       |       |    71 |    79 ||   150
Dodge: Dodged            |    41 |    76 |   114 |   349 |   395 ||   975
Block: Kite shield       |       |       |       |       |    25 ||    25
       Rpst.: Long sword |    14 |    25 |    14 |       |    16 ||    69
       Scimitar          |       |       |    10 |    45 |    82 ||   137

Table legend:
 A = Non-vault XP
 B = Vault XP
 C = Vault XP percentage of total XP
 D = Non-vault monster count
 E = Vault monster count
 F = Vault count percentage of total count
                 A         B        C        D         E       F
            +---------+---------+-------+---------+---------+-------
      Total |   65763 |   51073 |  43.7 |     407 |     264 |  39.3
            +---------+---------+-------+---------+---------+-------
        D:1 |      52 |       0 |   0.0 |      30 |       0 |   0.0
        D:2 |      40 |       0 |   0.0 |      14 |       0 |   0.0
        D:3 |     218 |     153 |  41.2 |      39 |       6 |  13.3
        D:4 |     229 |       0 |   0.0 |      12 |       0 |   0.0
        D:5 |     503 |     565 |  52.9 |      26 |       5 |  16.1
        D:6 |     906 |     286 |  24.0 |      29 |       2 |   6.5
        D:7 |     550 |    1956 |  78.1 |      15 |      11 |  42.3
        D:8 |     424 |    1806 |  81.0 |      10 |      17 |  63.0
        D:9 |    2101 |    2035 |  49.2 |      19 |       3 |  13.6
       D:10 |    3210 |     655 |  16.9 |      25 |       6 |  19.4
       D:11 |    1676 |     123 |   6.8 |      17 |       3 |  15.0
       D:12 |    5861 |   14722 |  71.5 |      30 |      61 |  67.0
     Lair:1 |    1589 |    1860 |  53.9 |       8 |       8 |  50.0
     Lair:2 |    4475 |    2220 |  33.2 |      19 |      22 |  53.7
      Orc:1 |    9898 |       0 |   0.0 |      40 |       0 |   0.0
      Orc:2 |    6227 |    7565 |  54.9 |      33 |      34 |  50.7
      Elf:1 |   19745 |   10570 |  34.9 |      31 |      17 |  35.4
    Abyss:2 |    8059 |     413 |   4.9 |      10 |       2 |  16.7
      Sewer |       0 |      58 | 100.0 |       0 |      21 | 100.0
     Bailey |       0 |    1916 | 100.0 |       0 |      26 | 100.0
      IceCv |       0 |    4170 | 100.0 |       0 |      20 | 100.0
            +---------+---------+-------+---------+---------+-------
